 Dungeon Crawl Stone Soup version 0.26.0-16-gc1dbca0489 (webtiles) character file.

Game seed: 5685345468088113323

1311872 GordonOverkill the Slayer (level 27, 145/145 HPs)
             Began as a Felid Delver on Jan 19, 2021.
             Was the Champion of Vehumet.
             Escaped with the Orb
             ... and 3 runes!
             The game lasted 06:16:20 (143284 turns).

GordonOverkill the Slayer (Felid Delver)          Turns: 143284, Time: 06:16:21

Health: 145/145    AC:  3    Str:  8    XL:     27
Magic:  52/52      EV: 35    Int: 27    God:    Vehumet [******]
Gold:   4342       SH:  0    Dex: 21    Spells: 29/74 levels left
                                        Lives:  2   Deaths: 4

rFire    + . .     SeeInvis +     - Unarmed
rCold    + + .     Faith    +   (shield unavailable)
rNeg     . . .     Spirit   .   (armour unavailable)
rPois    +         Reflect  .   (helmet unavailable)
rElec    +         Harm     .   (cloak unavailable)
rCorr    .         Rampage  .   (gloves unavailable)
Will     ++++.     Clarity  +   (boots unavailable)
Stlth    +++.......             J - amulet "Civoku" {Faith rElec rF+ Slay-2}
HPRegen  0.34/turn              U - ring "Vuss" {rPois Int+6}
MPRegen  0.33/turn              R - ring "Alaloibe" {Wiz rC+ SInv}

@: quick
A: very small, no armour, no weapons or thrown items, stealth, claws 1, fangs 3,
see invisible, clarity, deterioration 1, speed 1, shaggy fur 3, sharp paws
0: Orb of Zot
}: 3/15 runes: decaying, serpentine, slimy
a: Renounce Religion


You escaped.
You worshipped Vehumet.
Vehumet was exalted by your worship.
You visited 11 branches of the dungeon, and saw 54 of its levels.
You also visited: Ossuary and Bailey.

You collected 9264 gold pieces.
You spent 4922 gold pieces at shops.

Inventory:

Armour
 F - the +4 dragonskin cloak
   (You took it off Tiamat on level 3 of the Realm of Zot)
Jewellery
 e - an uncursed amulet of regeneration
 j - an uncursed amulet of reflection
 q - an uncursed ring of positive energy
 J - the amulet "Civoku" (around neck) {Faith rElec rF+ Slay-2}
   (You acquired it on level 2 of the Lair of Beasts)

   [amulet of faith]

   It allows you to gain divine favour quickly.
   It affects your accuracy and damage with ranged weapons and melee attacks
   (-2).
   It protects you from fire.
   It insulates you from electricity.
 M - an uncursed ring of poison resistance
 Q - an uncursed ring of magical power
 R - the ring "Alaloibe" (right paw) {Wiz rC+ SInv}
   (You took it off a deep elf death mage on level 3 of the Elven Halls)

   [ring of wizardry]

   It improves your spell success rate.
   It protects you from cold.
   It lets you see invisible.
 T - an uncursed ring of resist corrosion
 U - the ring "Vuss" (left paw) {rPois Int+6}
   (You found it on level 3 of the Vaults)

   [ring of poison resistance]

   It affects your intelligence (+6).
   It protects you from poison.
 W - an uncursed ring of willpower
 Y - a +6 ring of dexterity
Wands
 h - a wand of digging (12)
 o - a wand of random effects (42)
 t - a wand of acid (34)
 y - a wand of enslavement (51)
 A - a wand of polymorph (31)
 C - a wand of paralysis (16)
 H - a wand of flame (41)
 K - a wand of iceblast (17)
 P - a wand of disintegration (38)
Scrolls
 a - 10 scrolls of fog
 b - 5 scrolls of magic mapping
 f - 11 scrolls of immolation
 k - 28 scrolls of remove curse
 s - 6 scrolls of summoning
 u - 2 scrolls of holy word
 v - 3 scrolls of silence
 E - 14 scrolls of teleportation
 G - 44 scrolls of identify
 I - 3 scrolls of blinking
 L - 9 scrolls of amnesia
 N - 5 scrolls of fear
 Z - a scroll of acquirement
Potions
 c - 28 potions of curing
 d - 9 potions of mutation
 g - 13 potions of flight
 i - 15 potions of brilliance
 l - 9 potions of lignification
 m - 7 potions of might
 n - 3 potions of magic
 r - 8 potions of resistance
 w - a potion of ambrosia
 x - a potion of invisibility
 z - 10 potions of heal wounds
 B - 5 potions of berserk rage
 D - 7 potions of haste
 O - 6 potions of cancellation
Miscellaneous
 p - a phial of floods
 S - a condenser vane
 V - a box of beasts
 X - a tin of tremorstones (2/2)


   Skills:
 + Level 25.4 Fighting
 - Level 18.0 Dodging
 - Level 19.0 Stealth
 - Level 4.0 Unarmed Combat
 + Level 24.1 Spellcasting
 - Level 12.0 Conjurations
 - Level 8.0 Hexes
 - Level 8.0 Transmutations
 - Level 23.0 Ice Magic
 - Level 7.0 Air Magic
 - Level 5.0 Earth Magic
 - Level 5.0 Evocations


You had 29 spell levels left.
You knew the following spells:

 Your Spells              Type           Power        Failure   Level
a - Absolute Zero         Ice            51%          1%          9
b - Blink                 Tloc           N/A          1%          2
c - Freeze                Ice            100%         0%          1
d - Statue Form           Tmut/Erth      40%          4%          6
e - Metabolic Englaciati  Hex/Ice        43%          1%          5
f - Freezing Cloud        Conj/Ice/Air   41%          1%          6
g - Lightning Bolt        Conj/Air       35%          1%          5
h - Irradiate             Conj/Tmut      36%          1%          5
i - Ozocubu's Refrigerat  Ice            51%          0%          6

Your spell library contained the following spells:

 Spells                   Type           Power        Failure   Level
 Chain Lightning          Conj/Air       35%          14%         8
 Shatter                  Erth           28%          100%        9
 Magic Dart               Conj           100%         0%          1
 Shock                    Conj/Air       100%         0%          1
 Searing Ray              Conj           100%         0%          2
 Frozen Ramparts          Ice            100%         0%          3
 Ozocubu's Armour         Ice            100%         0%          3
 Hailstorm                Conj/Ice       91%          0%          4
 Animate Skeleton         Necr           64%          1%          1
 Apportation              Tloc           64%          1%          1
 Beastly Appendage        Tmut           100%         1%          1
 Corona                   Hex            73%          1%          1
 Foxfire                  Conj/Fire      100%         1%          1
 Pain                     Necr           100%         1%          1
 Sandblast                Erth           100%         1%          1
 Summon Small Mammal      Summ           100%         1%          1
 Call Imp                 Summ           32%          1%          2
 Corpse Rot               Necr/Air       N/A          1%          2
 Passwall                 Tmut/Erth      50%          1%          2
 Poisonous Vapours        Pois/Air       100%         1%          2
 Slow                     Hex            66%          1%          2
 Sublimation of Blood     Necr           16%          1%          2
 Swiftness                Air            63%          1%          2
 Call Canine Familiar     Summ           32%          1%          3
 Confusing Touch          Hex            66%          1%          3
 Conjure Flame            Conj/Fire      60%          1%          3
 Dazzling Flash           Conj/Hex       100%         1%          3
 Gell's Gravitas          Tloc           16%          1%          3
 Ignite Poison            Fire/Tmut/Pois 46%          1%          3
 Inner Flame              Hex/Fire       52%          1%          3
 Lesser Beckoning         Tloc           16%          1%          3
 Mephitic Cloud           Conj/Pois/Air  61%          1%          3
 Static Discharge         Conj/Air       71%          1%          3
 Stone Arrow              Conj/Erth      100%         1%          3
 Summon Guardian Golem    Hex/Summ       52%          1%          3
 Tukima's Dance           Hex            66%          1%          3
 Vampiric Draining        Necr           16%          1%          3
 Airstrike                Air            31%          1%          4
 Cause Fear               Hex            33%          1%          4
 Fulminant Prism          Conj/Hex       36%          1%          4
 Iskenderun's Mystic Bla  Conj/Tloc      60%          1%          4
 Leda's Liquefaction      Hex/Erth       30%          1%          4
 Petrify                  Tmut/Erth      61%          1%          4
 Sticky Flame             Conj/Fire      60%          1%          4
 Summon Ice Beast         Ice/Summ       76%          1%          4
 Summon Lightning Spire   Summ/Air       51%          1%          4
 Bolt of Magma            Conj/Fire/Erth 29%          1%          5
 Fireball                 Conj/Fire      30%          1%          5
 Iskenderun's Battlesphe  Conj           77%          1%          5
 Lee's Rapid Deconstruct  Erth           28%          1%          5
 Silence                  Hex/Air        32%          1%          5
 Yara's Violent Unravell  Hex/Tmut       33%          1%          5
 Iron Shot                Conj/Erth      34%          1%          6
 Starburst                Conj/Fire      30%          1%          6
 Orb of Destruction       Conj           38%          1%          7
 Alistair's Intoxication  Tmut/Pois      34%          2%          5
 Hydra Form               Tmut           33%          2%          6
 Invisibility             Hex            66%          2%          6
 Eringya's Noxious Bog    Tmut/Pois      26%          3%          6
 Animate Dead             Necr           16%          4%          4
 Dispel Undead            Necr           32%          4%          4
 Spellforged Servitor     Conj/Summ      30%          9%          7
 Agony                    Necr           32%          12%         5
 Summon Forest            Summ/Tloc      16%          12%         5
 Dragon Form              Tmut           33%          13%         7
 Death Channel            Necr           16%          50%         6
 Discord                  Hex            33%          65%         8
 Haunt                    Necr/Summ      16%          96%         7
 Summon Hydra             Summ           16%          96%         7
 Tornado                  Air            31%          98%         9
 Ignition                 Fire           16%          99%         8
 Necromutation            Tmut/Necr      26%          99%         8
 Borgnjor's Revivificati  Necr           16%          100%        8
 Disjunction              Tloc           16%          100%        8
 Infestation              Necr           16%          100%        8
 Death's Door             Necr           16%          100%        9
 Dragon's Call            Summ           16%          100%        9
 Portal Projectile        Hex/Tloc       Unusable     N/A         3
 Excruciating Wounds      Necr           Unusable     N/A         5

Dungeon Overview and Level Annotations

Branches:
Dungeon (15/15)            Temple (1/1) D:4            Lair (6/6) D:11
  Swamp (4/4) Lair:3        Snake (4/4) Lair:2        Slime (5/5) Lair:5
    Orc (2/2) D:9             Elf (3/3) Orc:2        Vaults (4/5) D:13
  Crypt (0/3) Vaults:3     Depths (5/5) D:15            Zot (5/5) Depths:5
Ossuary (visited)          Bailey (visited)

Altars:
Ashenzari
Cheibriados
Dithmenos
Elyvilon
Fedhas
Gozag
Hepliaklqana
Kikubaaqudgha
Makhleb
Nemelex Xobeh
Okawaru
Qazlal
Ru
Sif Muna
Trog
Uskayaw
Vehumet
Wu Jian
Xom
Yredelemnul
Zin
The Shining One
Beogh

Shops:
D:6 ?   D:7 *   D:10 [   D:13 :(*   Orc:1 *   Orc:2 *?!==   Elf:2 }=:
Elf:3 [}   Snake:4 [:[[   Vaults:2 [   Vaults:4 (=!**   Depths:2 !

Portals:
Hell: Depths:1 Depths:2 Depths:3 Depths:4 Depths:5
Abyss: Depths:1 Depths:3 Depths:4 Depths:5
Pandemonium: Depths:3
Ziggurat: Depths:4
Trove: D:15 (give 8 scrolls of blinking)

Annotations:
D:10 4 runed translucent doors
Lair:1 2 transporters, exclusion: oklob plant, kelmiir's ghost, journeyman GnWn
Snake:2 exclusion: downstairs
Orc:1 2 runed translucent doors, iamserjio's ghost, novice DDFi
Elf:2 3 runed translucent doors
Vaults:1 2 runed translucent doors, Wueresid's ghost, adept DEWz


Innate Abilities, Weirdness & Mutations

You cannot wear armour.
You are incapable of wielding weapons or throwing items.
Your paws allow you to move quietly. (Stealth)
You have sharp claws.
You have razor-sharp teeth.
You have supernaturally acute eyesight. (SInv)
You cover ground quickly.
Your thick and shaggy fur keeps you warm. (AC +3, rC+)
Your sharp claws are effective at attacking unaware monsters.
You possess an exceptional clarity of mind.
Your body sometimes deteriorates upon taking damage.


Message History

A hellion comes into view.
There is a stone staircase leading up here.
Unknown command.
You climb upwards.
There is a stone staircase leading down here.
(D) Dungeon (T) Temple (L) Lair (S) Swamp (P) Snake Pit (M) Slime Pits (O) Orcish Mines (E) Elven Halls (V) Vaults (C) Crypt (U) Depths (H) Hell (Z) Zot
Where to? (Enter - D:1 @ (x,y), ? - help)
There is a stone staircase leading up here.
You climb upwards.
There is a stone staircase leading down here.
Unknown command.
Magic restored.
An efreet comes into view.
It is wielding a +3 scimitar of flaming.
A monstrous black sun comes into view.
There is an open door here.
There is a staircase leading out of the dungeon here.
You have escaped!

#.....##.................
##...######6.............
#'###'###.....###........
#.###...............##.##
#.......#.........#......
#.....######.#.#..#####..
#....'#...##.......##...#
####....#.....####.....R....
#.....⌠.#..@..# #....#..#..
#.......#.....# #.#........
###.....'#...## #......###.
##.....#########....### ##
#...................# ###
#..................?###..
#'###'..............##..#
##...##........#.........
#.....##.......#.......†.


There were no monsters in sight!

Vanquished Creatures
  Dissolution (Slime:4)
  the Royal Jelly (Slime:5)
  10 ancient liches
  Tiamat (Zot:3)
  4 orbs of fire
  Mara (Vaults:4)
  A juggernaut (Depths:3)
  7 Killer Klowns
  2 curse toes
  Saint Roka (Vaults:4)
  7 caustic shrikes
  Nikola (Elf:3)
  12 golden dragons
  3 electric golems
  A bone dragon (Zot:3)
  Jorgrun (Orc:2)
  An Ice Fiend (Depths:4)
  A Hell Sentinel (Zot:2)
  13 tentacled monstrosities
  28 Orb Guardians
  2 deep elf blademasters (Elf:3)
  Asterion (Vaults:2)
  A pandemonium lord (Zot:3)
  3 liches
  6 quicksilver dragons
  3 deep elf master archers
  18 acid blobs
  14 death cobs
  Agnes (Snake:1)
  3 sphinxes
  11 storm dragons
  11 draconian monks
  4 tengu reavers
  11 shadow dragons
  20 azure jellies
  A blood saint (Depths:3)
  Donald (Vaults:2)
  6 frost giants
  Louise (Depths:4)
  7 nagarajas
  5 deep elf sorcerers
  7 fire giants
  2 iron dragons (Zot:3)
  5 ghost moths
  5 vault wardens
  3 draconian scorchers
  2 draconian knights
  3 draconian annihilators
  A warmonger (Depths:4)
  A cacodemon (Depths:1)
  4 deep elf elementalists (Elf:3)
  6 draconian shifters
  2 reapers
  3 caustic shrike skeletons (Depths:3)
  13 very ugly things
  7 ironheart preservers
  3 draconian stormcallers
  A juggernaut skeleton (Depths:4)
  10 stone giants
  4 spriggan defenders (Depths:4)
  7 vampire knights
  Nessos (D:15)
  16 green draconians
  14 black draconians
  2 entropy weavers
  15 yellow draconians
  11 purple draconians
  10 bunyips
  10 deep elf demonologists
  4 spark wasps
  6 deep elf annihilators
  13 white draconians
  Snorg (Orc:1)
  A dire elephant (shapeshifter) (Depths:3)
  11 ettins
  15 red draconians
  7 eleionomae
  A blizzard demon (Depths:4)
  11 fire dragons
  9 deep elf death magi
  An eleionoma (shapeshifter) (Depths:3)
  4 jiangshi
  21 yaktaur captains
  5 death oozes
  4 rakshasas
  2 merfolk impalers
  2 deep elf high priests
  3 shambling mangroves
  22 ogre magi
  An ice dragon (shapeshifter) (Depths:3)
  16 great orbs of eyes
  4 spriggan air magi
  8 boulder beetles
  30 hydras
  7 vault guards
  16 ice dragons
  A catoblepas (D:13)
  12 anacondas
  A merfolk avatar (Lair:6)
  2 death knights
  Erica (D:8)
  16 centaur warriors
  19 naga warriors
  6 death yaks (Lair:5)
  70 two-headed ogres
  16 dancing weapons
  An alligator (shapeshifter) (Depths:3)
  3 tengu warriors
  5 vampire magi
  6 deep troll shamans
  3 orc high priests
  6 deep troll earth magi
  6 spriggan berserkers
  10 hell knights
  Urug (Lair:3)
  17 naga sharpshooters
  8 alligators
  Nergalle (Orc:1)
  Sonja (Lair:3)
  12 shock serpents
  2 soul eaters
  20 spriggans
  20 deep elf knights
  2 flayed ghosts
  3 iron trolls (Depths:2)
  A salamander mystic (Snake:2)
  3 skeletal warriors (D:14)
  A cherub (D:4)
  4 unseen horrors
  A deep troll (shapeshifter) (Vaults:4)
  11 deep trolls
  8 goliath frogs
  A spark wasp zombie (Depths:3)
  A sea snake (Lair:6)
  9 naga ritualists
  5 bog bodies
  3 glowing orange brains
  4 spriggan druids
  7 wizards
  16 orc knights
  2 orange crystal statues
  12 swamp dragons
  5 necromancers
  13 ironbrand convokers
  17 deep elf archers
  A phantasmal warrior (Depths:3)
  An iron dragon zombie (Depths:4)
  7 mana vipers
  9 harpies
  2 cyclopes
  32 ugly things
  4 oklob plants
  3 wolf spiders
  A tengu skeleton (Depths:4)
  5 orc sorcerers
  2 shining eyes
  4 will-o-the-wisps
  9 salamanders
  52 deep elf magi
  A manticore (shapeshifter) (Depths:2)
  30 moths of wrath
  A manticore (D:15)
  28 elephants
  An eye of devastation (Slime:3)
  22 naga magi
  Maurice (D:8)
  A guardian serpent (shapeshifter) (Elf:1)
  Joseph (D:7)
  11 vault sentinels
  37 black mambas
  12 guardian serpents
  2 gargoyles (D:13)
  2 orange demons
  13 cane toads
  63 yaktaurs
  2 freezing wraiths
  19 komodo dragons
  A hellion (Depths:5)
  A golden dragon simulacrum (Depths:4)
  A tormentor (D:10)
  3 rime drakes
  A troll (shapeshifter) (Depths:4)
  A red devil (Depths:5)
  11 trolls
  2 tengu conjurers
  A jumping spider (Vaults:4)
  2 bloated husks
  A wind drake (Lair:6)
  A merfolk (shapeshifter) (Depths:3)
  5 polar bears
  11 tyrant leeches
  33 hornets
  A dream sheep (shapeshifter) (Vaults:1)
  A sphinx simulacrum (Vaults:2)
  122 slime creatures
  12 blink frogs
  4 dream sheep (Lair:5)
  2 air elementals
  5 redbacks
  11 water elementals
  2 ynoxinuls
  80 yaks
  7 fire elementals
  3 vampires (Vaults:3)
  3 wraiths
  6 wyverns
  A human (D:13)
  4 basilisks
  3 golden eyes (Slime:5)
  A neqoxec (Depths:4)
  10 vampire mosquitoes
  A large abomination (D:14)
  Menkaure (Ossuary)
  An elf skeleton (Depths:4)
  10 swamp worms
  6 wargs
  2 acid dragons
  52 nagas
  2 hell hounds (Depths:5)
  15 water moccasins
  A floating eye (Depths:4)
  12 swamp drakes
  42 orc warriors
  4 sky beasts
  6 eyes of draining
  6 black bears
  A sky beast (shapeshifter) (Depths:5)
  3 ice beasts
  5 phantoms
  2 necrophages
  57 ogres
  22 wolves
  12 centaurs
  2 big kobolds
  A wyvern zombie (D:13)
  28 bullfrogs
  2 earth elementals
  13 jellies
  6 scorpions
  5 killer bees (D:13)
  10 wights
  2 electric eels
  3 howler monkeys
  8 hounds
  3 bullfrog zombies
  3 bullfrog skeletons
  2 centaur zombies
  32 orc wizards
  15 orc priests
  3 centaur skeletons
  7 hell rats (Lair:3)
  3 iguanas
  19 worker ants
  A hound skeleton (D:7)
  3 mummies (Ossuary)
  A worker ant zombie (D:6)
  22 adders
  A howler monkey skeleton (D:7)
  A shadow imp (D:5)
  3 ufetubi
  An ooze (D:1)
  3 adder zombies
  3 worms
  A dart slug (D:1)
  6 leopard geckos
  104 orcs
  A ball python (D:1)
  10 bats
  8 giant cockroaches
  14 hobgoblins
  11 jackals
  30 kobolds
  5 quokkas
  A ball python skeleton (D:4)
  8 frilled lizards
  3 gnoll skeletons (Ossuary)
  3 gnoll zombies (Ossuary)
  11 goblins
  4 goblin skeletons (Ossuary)
  7 goblin zombies
  A hobgoblin skeleton (Ossuary)
  3 hobgoblin zombies (Ossuary)
  A jackal zombie (D:5)
  4 kobold skeletons (Ossuary)
  3 kobold zombies (Ossuary)
  A leopard gecko skeleton (D:7)
  8 orc skeletons (Ossuary)
  4 orc zombies (Ossuary)
  A quokka skeleton (D:7)
  A quokka zombie (D:8)
  10 rats
  5 rat skeletons (Ossuary)
  2 rat zombies (Ossuary)
2487 creatures vanquished.

Vanquished Creatures (collateral kills)
  A yak (Lair:3)
1 creature vanquished.

Vanquished Creatures (others)
  A black bear (D:8)
  An electric eel (Elf:3)
  A goblin zombie (Ossuary)
  A hobgoblin zombie (Ossuary)
  2 rat zombies (Ossuary)
  1046 blocks of ice
  70 fungi
  138 plants
1260 creatures vanquished.

Grand Total: 3748 creatures vanquished

Notes
Turn   | Place    | Note
-------+----------+-------------------------------------------
     0 | D:5      | GordonOverkill the Felid Delver began the quest for the
                  | Orb.
     0 | D:5      | Reached XP level 1. HP: 10/10 MP: 2/2
    17 | D:5      | Noticed a jelly
    49 | D:4      | Noticed a scorpion
    49 | D:4      | Noticed a worker ant
    83 | D:5      | Noticed a worker ant
   217 | D:5      | Noticed a scorpion
   285 | D:5      | Noticed a scorpion
   287 | D:4      | Noticed a hound
   512 | D:3      | Reached XP level 2. HP: 14/14 MP: 3/3
  1153 | D:2      | Reached XP level 3. HP: 17/17 MP: 4/4
  1238 | D:2      | You fall into a shaft and drop 1 floor!
  2015 | D:1      | Reached XP level 4. HP: 21/21 MP: 5/5
  2579 | D:2      | Found a faded altar of an unknown god.
  2815 | D:2      | Found an iron altar of Okawaru.
  2882 | D:3      | Found a blossoming altar of Fedhas.
  3711 | D:4      | Reached XP level 5. HP: 17/25 MP: 6/6
  4069 | D:4      | Found a staircase to the Ecumenical Temple.
  4130 | Temple   | Entered the Ecumenical Temple
  4208 | Temple   | Became a worshipper of Vehumet
  4279 | D:4      | Reached skill level 4 in Fighting
  4575 | D:5      | Noticed a centaur
  4799 | D:6      | Noticed a phantom
  4807 | D:6      | Noticed a phantom
  4807 | D:6      | Found an ancient bone altar of Kikubaaqudgha.
  4808 | D:6      | Found Ulemesyi's Magic Scroll Shop.
  4860 | D:5      | HP: 1/25 [orc/boomerang (2)]
  4862 | D:5      | Hit by a boomerang thrown by an orc
  4863 | D:5      | Reached XP level 4. HP: -5/22 MP: 5/5
  5264 | D:6      | Noticed a bullfrog
  5270 | D:6      | Killed a bullfrog
  5271 | D:6      | Reached skill level 1 in Evocations
  5271 | D:6      | Reached XP level 5. HP: 25/25 MP: 6/6
  5287 | D:6      | Learned a level 3 spell: Confusing Touch
  5351 | D:6      | Noticed a black bear
  5358 | D:6      | Killed a black bear
  5359 | D:6      | Reached skill level 1 in Spellcasting
  5359 | D:6      | Reached skill level 1 in Hexes
  5359 | D:6      | Gained mutation: You are covered in thick fur. (AC +2)
                  | [Felid growth]
  5359 | D:6      | Reached XP level 6. HP: 28/28 MP: 6/8
  6495 | D:2      | Found an iron altar of Okawaru.
  6511 | D:2      | Found a faded altar of an unknown god.
  7258 | D:3      | Found a blossoming altar of Fedhas.
  8326 | D:4      | Found a sacrificial altar of Ru.
  8556 | D:4      | Found a sacrificial altar of Ru.
  9330 | D:5      | Found a hazy altar of Hepliaklqana.
  9453 | D:5      | Reached XP level 7. HP: 30/32 MP: 6/11
 10003 | D:5      | Found a radiant altar of Vehumet.
 10141 | D:5      | Reached skill level 1 in Ice Magic
 10304 | D:4      | Reached * piety under Vehumet
 10304 | D:4      | Offered knowledge of Magic Dart by Vehumet.
 10419 | D:4      | Learned a level 1 spell: Magic Dart
 11126 | D:5      | Found a radiant altar of Vehumet.
 11181 | D:5      | Found a hazy altar of Hepliaklqana.
 11460 | D:5      | Found a hazy altar of Hepliaklqana.
 11521 | D:5      | Found a radiant altar of Vehumet.
 11930 | D:6      | Reached skill level 1 in Conjurations
 11930 | D:6      | Reached skill level 5 in Hexes
 12449 | D:6      | Reached XP level 8. HP: 17/36 MP: 9/13
 12799 | D:6      | Reached skill level 5 in Fighting
 13690 | D:6      | Bought 3 scrolls of blinking for 270 gold pieces
 13699 | D:6      | Bought a scroll of identify for 24 gold pieces
 13699 | D:6      | Bought a scroll of identify for 24 gold pieces
 13701 | D:6      | Bought a scroll of identify for 24 gold pieces
 13701 | D:6      | Bought a scroll of identify for 24 gold pieces
 13828 | D:6      | Found a basalt altar of Yredelemnul.
 13828 | D:6      | Found a sparkling altar of Nemelex Xobeh.
 13872 | D:6      | Reached skill level 10 in Stealth
 13983 | D:6      | Found a white marble altar of Elyvilon.
 14301 | D:8      | Noticed Maurice
 14499 | D:8      | Killed Maurice
 14500 | D:8      | Reached XP level 9. HP: 15/41 MP: 12/15
 14732 | D:8      | Found a sand-covered staircase.
 14802 | Ossuary  | Entered an ossuary
 15513 | Ossuary  | Offered knowledge of Freeze by Vehumet.
 15517 | Ossuary  | Reached ** piety under Vehumet
 15645 | Ossuary  | Learned a level 1 spell: Freeze
 16396 | Ossuary  | Noticed Menkaure
 16408 | Ossuary  | Killed Menkaure
 16409 | Ossuary  | Reached skill level 6 in Fighting
 16492 | Ossuary  | Offered knowledge of Dazzling Flash by Vehumet.
 17083 | D:8      | Found a stormy altar of Qazlal.
 17527 | D:8      | Noticed Erica
 17667 | D:7      | Noticed Joseph
 17912 | D:7      | Killed Joseph
 17913 | D:7      | Reached skill level 5 in Conjurations
 18220 | D:7      | Reached *** piety under Vehumet
 19038 | D:7      | Offered knowledge of Hailstorm by Vehumet.
 19106 | D:7      | Learned a level 4 spell: Hailstorm
 19755 | D:7      | Found Nad Mumeh's General Store.
 19758 | D:7      | Bought a potion of curing for 36 gold pieces
 19758 | D:7      | Bought a scroll of identify for 24 gold pieces
 20326 | D:7      | Found Nad Mumeh's General Store.
 20727 | D:9      | You fall into a shaft and drop 2 floors!
 20764 | D:10     | Entered Level 10 of the Dungeon
 20780 | D:10     | Reached XP level 10. HP: 40/45 MP: 11/17
 20847 | D:11     | Noticed an elephant
 20866 | D:10     | Found a huge runed translucent gate.
 22197 | D:9      | Found a staircase to the Orcish Mines.
 22208 | Orc:1    | Entered Level 1 of the Orcish Mines
 22316 | Orc:1    | Found a flagged portal.
 22410 | Bailey   | Entered a bailey
 22457 | Bailey   | Noticed an orc knight
 22470 | Bailey   | Reached **** piety under Vehumet
 22976 | Bailey   | Reached skill level 5 in Spellcasting
 22976 | Bailey   | Reached skill level 5 in Ice Magic
 23108 | Bailey   | Offered knowledge of Inner Flame by Vehumet.
 24392 | Bailey   | Killed an orc knight
 24393 | Bailey   | Reached skill level 7 in Fighting
 25223 | Orc:1    | Found a large runed translucent door.
 25226 | Orc:1    | Found a large runed translucent door.
 25502 | Orc:1    | Noticed iamserjio's ghost (novice DDFi)
 25549 | Orc:2    | Entered Level 2 of the Orcish Mines
 25549 | Orc:2    | Noticed an orc knight
 25549 | Orc:2    | Noticed an orc sorcerer
 25551 | Orc:2    | Killed an orc sorcerer
 25910 | Orc:1    | Killed an orc knight
 25995 | Orc:2    | Noticed a two-headed ogre
 26022 | Orc:1    | Reached skill level 8 in Fighting
 26077 | Orc:2    | Found Otash's Jewellery Shoppe.
 26078 | Orc:2    | Noticed an orc high priest
 26078 | Orc:2    | Killed from afar by an orc high priest
 26079 | Orc:2    | Reached XP level 9. HP: -4/44 MP: 19/19
 26149 | Orc:2    | Noticed a two-headed ogre
 26156 | Orc:2    | Noticed a two-headed ogre
 26168 | Orc:2    | Noticed a two-headed ogre
 26173 | Orc:1    | Found Naonocsi's Assorted Antiques.
 26178 | Orc:1    | Reached XP level 10. HP: 43/48 MP: 12/20
 26178 | Orc:1    | Noticed Snorg
 26227 | Orc:1    | Noticed Nergalle
 26342 | D:9      | Noticed a two-headed ogre
 26387 | D:9      | Killed a two-headed ogre
 26754 | D:9      | Found a shadowy altar of Dithmenos.
 27329 | D:10     | Noticed a two-headed ogre
 27449 | D:10     | Found a huge runed translucent gate.
 27449 | D:10     | Found a huge runed translucent gate.
 27449 | D:10     | Found a huge runed translucent gate.
 27777 | D:10     | Found Beumey's Armour Boutique.
 27800 | D:10     | Killed a two-headed ogre
 28177 | D:11     | Found a staircase to the Lair.
 28439 | D:11     | Killed an elephant
 28583 | D:11     | Noticed a boulder beetle
 28702 | D:11     | Noticed a boulder beetle
 28702 | D:11     | Noticed a purple ugly thing
 28702 | D:11     | Noticed an unseen horror
 29266 | D:11     | Reached XP level 11. HP: 52/52 MP: 4/22
 29452 | D:11     | Noticed a centaur warrior
 29774 | D:11     | Killed an unseen horror
 30003 | D:11     | Reached skill level 9 in Fighting
 30650 | Lair:1   | Entered Level 1 of the Lair of Beasts
 30650 | Lair:1   | Noticed a six-headed hydra
 31162 | Lair:1   | Slain by a six-headed hydra
 31163 | Lair:1   | Reached XP level 10. HP: 0/73 MP: 19/21
 31208 | Lair:1   | Noticed an eight-headed hydra
 31228 | Lair:1   | Killed an eight-headed hydra
 31338 | Lair:1   | Reached skill level 5 in Evocations
 31469 | Lair:1   | Noticed a black mamba
 31491 | Lair:1   | Noticed a cane toad
 31511 | Lair:1   | Killed a black mamba
 31512 | Lair:1   | Reached XP level 11. HP: 23/53 MP: 16/22
 31528 | Lair:1   | Reached ***** piety under Vehumet
 31757 | Lair:1   | Offered knowledge of Eringya's Noxious Bog by Vehumet.
 32057 | Lair:1   | Found a transporter.
 32342 | Lair:1   | Found a transporter.
 32347 | Lair:1   | Noticed an oklob plant
 32432 | Lair:1   | Noticed kelmiir's ghost (journeyman GnWn)
 32487 | Lair:1   | Killed a six-headed hydra
 32488 | Lair:1   | Reached skill level 10 in Fighting
 33910 | Lair:2   | Found a staircase to the Snake Pit.
 34684 | Lair:2   | Learned a level 5 spell: Metabolic Englaciation
 34867 | Lair:2   | Reached skill level 10 in Conjurations
 35092 | Lair:2   | Noticed a seven-headed hydra
 35122 | Lair:2   | Killed a seven-headed hydra
 35298 | Lair:2   | Identified a scroll of acquirement
 35303 | Lair:2   | Acquired the amulet "Civoku" {Faith rElec rF+ Slay-2}
 35345 | Lair:3   | Reached skill level 10 in Ice Magic
 35345 | Lair:3   | Gained mutation: Your thick and shaggy fur keeps you warm.
                  | (AC +3, rC+) [Felid growth]
 35345 | Lair:3   | Reached XP level 12. HP: 58/58 MP: 8/23
 35432 | Lair:3   | Noticed Urug
 35436 | Lair:3   | Found a staircase to the Swamp.
 35443 | Lair:3   | Killed Urug
 35558 | Lair:3   | Noticed Sonja
 35561 | Lair:3   | Killed Sonja
 35567 | Lair:3   | Found a gate leading to a gauntlet.
 36445 | Lair:2   | Found a staircase to the Snake Pit.
 37651 | Lair:2   | Found a staircase to the Snake Pit.
 38400 | Lair:2   | Reached skill level 11 in Fighting
 38955 | Lair:4   | Found a sacrificial altar of Ru.
 39210 | Lair:4   | Noticed a boulder beetle
 39412 | Lair:3   | Found a staircase to the Swamp.
 39754 | Lair:4   | Killed a boulder beetle
 40356 | Lair:4   | Identified Wous's Guide on Doomed Feathers
 40425 | Lair:4   | Offered knowledge of Freezing Cloud by Vehumet.
 40511 | Lair:4   | Learned a level 6 spell: Freezing Cloud
 40802 | Lair:5   | Noticed a six-headed hydra
 40810 | Lair:5   | Killed a six-headed hydra
 40811 | Lair:5   | Reached skill level 1 in Air Magic
 40811 | Lair:5   | Reached XP level 13. HP: 63/63 MP: 11/26
 41873 | Lair:5   | Found a staircase to the Slime Pits.
 42648 | Lair:5   | Offered knowledge of Lightning Bolt by Vehumet.
 42659 | Lair:5   | Learned a level 5 spell: Lightning Bolt
 42893 | Lair:5   | Reached skill level 5 in Air Magic
 44107 | Lair:5   | Found a staircase to the Slime Pits.
 44829 | Lair:6   | Entered Level 6 of the Lair of Beasts
 45638 | Lair:6   | Reached skill level 10 in Spellcasting
 46654 | Lair:6   | Reached XP level 14. HP: 52/67 MP: 4/29
 47486 | Lair:6   | Offered knowledge of Irradiate by Vehumet.
 47538 | Lair:6   | Learned a level 5 spell: Irradiate
 47924 | Lair:6   | Reached skill level 1 in Transmutations
 49121 | Slime:1  | Entered Level 1 of the Pits of Slime
 49123 | Slime:1  | Noticed an acid blob
 49869 | Lair:6   | Reached skill level 12 in Fighting
 50814 | Lair:6   | Offered knowledge of Bolt of Magma by Vehumet.
 51325 | Orc:1    | Killed Nergalle
 51686 | Orc:1    | Bought 2 scrolls of fog for 128 gold pieces
 51686 | Orc:1    | Bought a potion of curing for 96 gold pieces
 51686 | Orc:1    | Bought a potion of curing for 96 gold pieces
 51686 | Orc:1    | Bought a metal-bound book for 480 gold pieces
 51726 | Orc:1    | Killed Snorg
 52767 | Orc:2    | Noticed Jorgrun
 54142 | Orc:2    | Reached XP level 15. HP: 72/72 MP: 9/30
 54434 | Orc:2    | Found a roughly hewn altar of Beogh.
 54620 | Orc:2    | Reached skill level 5 in Transmutations
 54767 | Orc:2    | Found a staircase to the Elven Halls.
 55478 | Orc:2    | Found Jezasef's General Store.
 55478 | Orc:2    | Found Lurun's Magic Scroll Shop.
 55479 | Orc:2    | Found Zinogauw's Distillery.
 55479 | Orc:2    | Found Geufoawo's Jewellery Shoppe.
 55489 | Orc:2    | Bought a scroll of magic mapping for 56 gold pieces
 55490 | Orc:2    | Bought a potion of resistance for 140 gold pieces
 55490 | Orc:2    | Bought a potion of heal wounds for 70 gold pieces
 55490 | Orc:2    | Bought a potion of resistance for 140 gold pieces
 55490 | Orc:2    | Bought a potion of resistance for 140 gold pieces
 55490 | Orc:2    | Bought a potion of brilliance for 56 gold pieces
 55490 | Orc:2    | Bought a potion of mutation for 112 gold pieces
 55491 | Orc:2    | Bought a potion of might for 60 gold pieces
 55493 | Orc:2    | Bought a scroll of silence for 120 gold pieces
 55493 | Orc:2    | Bought a scroll of holy word for 120 gold pieces
 55598 | Orc:2    | Offered knowledge of Spellforged Servitor by Vehumet.
 56431 | D:11     | Found a staircase to the Lair.
 57630 | D:11     | Found a staircase to the Lair.
 61638 | D:13     | Found Rocicour's Antique Weapon Shop.
 61667 | D:13     | Found Zisekubee's Book Shoppe.
 61828 | D:13     | Found Giaggar's Blood Bar.
 62396 | D:13     | Offered knowledge of Ozocubu's Refrigeration by Vehumet.
 62503 | D:13     | Learned a level 6 spell: Ozocubu's Refrigeration
 63025 | D:13     | Found a gate to the Vaults.
 64779 | D:15     | Entered Level 15 of the Dungeon
 64944 | D:15     | Found a staircase to the Depths.
 64944 | D:15     | Noticed a fire giant
 64958 | D:15     | Killed a fire giant
 65117 | D:15     | Noticed Nessos
 65121 | D:15     | Killed Nessos
 65741 | D:15     | Found a portal to a secret trove of treasure.
 66200 | Snake:1  | Entered Level 1 of the Snake Pit
 66421 | Snake:1  | Reached XP level 16. HP: 47/77 MP: 17/33
 67477 | Snake:1  | Reached skill level 13 in Fighting
 68738 | Lair:2   | Found a staircase to the Snake Pit.
 69442 | Snake:1  | Noticed Agnes
 69447 | Snake:1  | Killed Agnes
 73467 | Snake:2  | Reached skill level 14 in Fighting
 75373 | Snake:3  | Reached ****** piety under Vehumet
 75476 | Snake:3  | Reached XP level 17. HP: 83/83 MP: 14/34
 76453 | Snake:4  | Entered Level 4 of the Snake Pit
 76582 | Snake:4  | Offered knowledge of Shatter by Vehumet.
 76582 | Snake:4  | Offered knowledge of Chain Lightning by Vehumet.
 76582 | Snake:4  | Offered knowledge of Absolute Zero by Vehumet.
 76639 | Snake:4  | Learned a level 9 spell: Absolute Zero
 76769 | Snake:4  | Found Ciugilor's Antique Armour Shoppe.
 76772 | Snake:4  | Found Fiyczo's Antique Armour Emporium.
 76772 | Snake:4  | Found Vumor's Book Shoppe.
 76853 | Snake:4  | Found Boixt's Antique Armour Emporium.
 77309 | Snake:4  | Reached skill level 15 in Ice Magic
 81401 | Snake:4  | Reached skill level 15 in Fighting
 82487 | Snake:4  | Got a serpentine rune of Zot
 82893 | Orc:2    | Killed Jorgrun
 83306 | Orc:2    | Bought a scroll of amnesia for 56 gold pieces
 83418 | D:8      | Killed Erica
 83541 | D:8      | Found a stormy altar of Qazlal.
 83879 | Elf:1    | Entered Level 1 of the Elven Halls
 84231 | Elf:1    | Identified the Disquisition on Scorching Sinister Rites
 85238 | Elf:1    | Reached XP level 18. HP: 89/89 MP: 23/36
 85975 | Elf:2    | Found Soplu's Jewellery Emporium.
 86003 | Elf:2    | Found Gaphiqo's Book Shoppe.
 86318 | Elf:2    | Found Rewah's Gadget Shoppe.
 86607 | Elf:2    | Found a runed translucent gate.
 86608 | Elf:2    | Found a runed translucent gate.
 86609 | Elf:2    | Found a runed translucent gate.
 87385 | Elf:3    | Entered Level 3 of the Elven Halls
 87667 | Elf:3    | Noticed Nikola
 87683 | Elf:3    | Killed Nikola
 87873 | Elf:3    | Found Gussabou's Gadget Emporium.
 87911 | Elf:3    | Found Seotial's Antique Armour Emporium.
 88368 | Elf:3    | Identified the +6 great mace of Yeast {spect, *Drain rC+
                  | rN+++ Str+4}
 88387 | Elf:3    | Identified the +6 great mace of Yeast {spect, *Drain rC+
                  | rN+++ Str+4}
 88387 | Elf:3    | Identified the +6 great mace of Yeast {spect, *Drain rC+
                  | rN+++ Str+4}
 89008 | Elf:3    | Identified the ring "Alaloibe" {Wiz rC+ SInv}
 89927 | Elf:3    | Identified the +2 long sword "Huipleg" {vorpal, SInv}
 90018 | Elf:3    | Identified the +17 plate armour of Noon {rC+}
 90021 | Elf:3    | Shot with an arrow by a deep elf master archer
 90022 | Elf:3    | Reached XP level 17. HP: -11/85 MP: 2/36
 90930 | Elf:3    | Killed a deep elf master archer
 90931 | Elf:3    | Reached skill level 15 in Spellcasting
 90957 | Elf:3    | Found Seotial's Antique Armour Emporium.
 91129 | Elf:3    | Identified the +3 glaive "Beuploy" {venom, rPois Int+4}
 91129 | Elf:3    | Identified the ring "Xuruzide" {rC+ Dex+6}
 91281 | Elf:3    | Found Gussabou's Gadget Emporium.
 91467 | Elf:3    | Found Seotial's Antique Armour Emporium.
 91475 | Elf:3    | Found Gussabou's Gadget Emporium.
 91917 | Elf:3    | Found Gussabou's Gadget Emporium.
 91921 | Elf:3    | Found Seotial's Antique Armour Emporium.
 92292 | Elf:3    | Found Gussabou's Gadget Emporium.
 92296 | Elf:3    | Found Seotial's Antique Armour Emporium.
 92712 | Elf:3    | Found the +2 hood of the Assassin {Detection Stab+ Stlth++}
 92713 | Elf:3    | Identified the Papyrus of Attacks and Transmutation
 92716 | Elf:3    | Reached XP level 18. HP: 89/89 MP: 31/38
 92756 | Elf:3    | Identified the Grimoire of Unholy Rites and Orientation
 93351 | Elf:3    | Found Gussabou's Gadget Emporium.
 93355 | Elf:3    | Found Seotial's Antique Armour Emporium.
 94345 | Snake:4  | Bought a manual of Dodging for 1435 gold pieces
 94559 | Vaults:1 | Entered Level 1 of the Vaults
 94784 | Vaults:1 | Reached skill level 5 in Dodging
 96900 | Vaults:1 | Reached skill level 10 in Dodging
 97941 | Vaults:1 | Identified the +4 hand axe of Harmony {flame, rElec Str+4
                  | Int-3}
 99507 | Vaults:1 | Found a large runed translucent door.
 99508 | Vaults:1 | Found a large runed translucent door.
 99508 | Vaults:1 | Noticed Wueresid's ghost (adept DEWz)
101334 | Vaults:2 | Noticed Asterion
101335 | Vaults:2 | Killed Asterion
101336 | Vaults:2 | Reached XP level 19. HP: 94/94 MP: 29/39
102479 | Vaults:2 | Reached skill level 15 in Dodging
102510 | Vaults:2 | Reached skill level 16 in Fighting
102838 | Vaults:2 | Noticed Donald
102840 | Vaults:2 | Killed Donald
103540 | Vaults:2 | Found Nuzoevuo's Antique Armour Emporium.
104605 | Vaults:3 | Got a crude bone ring
105098 | Vaults:3 | Found a staircase to the Crypt.
106411 | Vaults:3 | Reached XP level 20. HP: 100/100 MP: 18/41
106545 | Vaults:3 | Identified the ring "Vuss" {rPois Int+6} (You found it on
                  | level 3 of the Vaults)
107073 | Vaults:4 | Found Gafukhlo's Assorted Antiques.
107087 | Vaults:4 | Found Giwod's Distillery.
107097 | Vaults:4 | Bought a potion of brilliance for 72 gold pieces
107097 | Vaults:4 | Bought a potion of cancellation for 144 gold pieces
107097 | Vaults:4 | Bought a potion of curing for 54 gold pieces
107097 | Vaults:4 | Bought a potion of lignification for 54 gold pieces
107261 | Vaults:4 | Reached skill level 17 in Fighting
107717 | Vaults:4 | Noticed Mara
107722 | Vaults:4 | Killed Mara
107866 | Vaults:4 | Found Fulotesch's Assorted Antiques.
107874 | Vaults:4 | Bought a scroll of fear for 126 gold pieces
108242 | Vaults:4 | Found Apsei's Jewellery Boutique.
108415 | Vaults:4 | Found Owouf's Weapon Shop.
108489 | Vaults:4 | Noticed Saint Roka
108845 | Vaults:4 | Killed Saint Roka
109561 | Swamp:1  | Entered Level 1 of the Swamp
111012 | Swamp:2  | Found a hide-covered altar of Uskayaw.
111055 | Swamp:2  | Gained mutation: You are occasionally teleported next to
                  | monsters. [mutagenic glow]
112237 | Swamp:2  | Reached XP level 21. HP: 105/105 MP: 34/43
112886 | Swamp:2  | Found a hide-covered altar of Uskayaw.
114377 | Swamp:4  | Entered Level 4 of the Swamp
115596 | Swamp:4  | Lost mutation: You are occasionally teleported next to
                  | monsters. [potion of mutation]
115596 | Swamp:4  | Gained mutation: Your body sometimes deteriorates upon
                  | taking damage. [potion of mutation]
115596 | Swamp:4  | Gained mutation: You possess an exceptional clarity of
                  | mind. [potion of mutation]
115779 | Swamp:4  | Got a decaying rune of Zot
116014 | Lair:5   | Reached skill level 18 in Fighting
116343 | Lair:5   | Found a staircase to the Slime Pits.
118120 | Slime:4  | Noticed Dissolution
118121 | Slime:4  | Killed Dissolution
118636 | Slime:5  | Entered Level 5 of the Pits of Slime
118661 | Slime:5  | Noticed the Royal Jelly
118663 | Slime:5  | Killed the Royal Jelly
118664 | Slime:5  | Reached skill level 19 in Fighting
118664 | Slime:5  | Reached XP level 22. HP: 112/112 MP: 44/44
119845 | Slime:5  | Got a slimy rune of Zot
119915 | Slime:5  | Identified Oqohebli's Tome of Unholy Rites and the
                  | Frostbite
120237 | Depths:1 | Entered Level 1 of the Depths
120237 | Depths:1 | Found a one-way gate to the infinite horrors of the Abyss.
121375 | Depths:1 | Found a gateway to Hell.
122649 | Depths:2 | Found Koimyod's Distillery.
122657 | Depths:2 | Bought a potion of curing for 57 gold pieces
122657 | Depths:2 | Bought a potion of brilliance for 76 gold pieces
122657 | Depths:2 | Bought a potion of brilliance for 76 gold pieces
122657 | Depths:2 | Bought a potion of haste for 190 gold pieces
122657 | Depths:2 | Bought a potion of curing for 57 gold pieces
122657 | Depths:2 | Bought a potion of curing for 57 gold pieces
122657 | Depths:2 | Bought a potion of cancellation for 152 gold pieces
122657 | Depths:2 | Bought a potion of brilliance for 76 gold pieces
122686 | Depths:2 | Reached skill level 20 in Fighting
123163 | Depths:3 | Reached skill level 1 in Earth Magic
123437 | Depths:3 | Noticed a caustic shrike
123598 | Depths:3 | Killed a caustic shrike
123960 | Depths:3 | Identified the +4 hand axe of the Whelk {vorpal, Dex+4}
123965 | Depths:3 | Noticed a caustic shrike
123965 | Depths:3 | Noticed a juggernaut
123966 | Depths:3 | Killed a caustic shrike
123967 | Depths:3 | Killed a juggernaut
124195 | Depths:3 | Reached XP level 23. HP: 117/117 MP: 24/45
124719 | Depths:3 | Noticed a caustic shrike
124724 | Depths:3 | Killed a caustic shrike
126011 | Depths:3 | Reached skill level 5 in Earth Magic
126111 | Depths:3 | Acquired 970 gold pieces
126113 | Depths:3 | Acquired 396 gold pieces
126256 | Depths:3 | Identified the Collected Works on Heat
126445 | Depths:3 | Learned a level 2 spell: Blink
126452 | Depths:3 | Learned a level 6 spell: Statue Form
126488 | Depths:3 | Found a one-way gate leading to the halls of Pandemonium.
127050 | Depths:4 | Identified the +11 falchion of the Penguin {venom, *Noise
                  | Will++ Stlth+}
127270 | Depths:4 | Found a sparkling altar of Nemelex Xobeh.
127366 | Depths:4 | Noticed Louise
127368 | Depths:4 | Killed Louise
127445 | Depths:4 | Found a gateway to a ziggurat.
127582 | Depths:4 | Noticed a caustic shrike
127582 | Depths:4 | Noticed a caustic shrike
127583 | Depths:4 | Killed a caustic shrike
127584 | Depths:4 | Noticed a caustic shrike
127585 | Depths:4 | Killed a caustic shrike
127586 | Depths:4 | Killed a caustic shrike
127604 | Depths:4 | Noticed a caustic shrike
127605 | Depths:4 | Killed a caustic shrike
127743 | Depths:4 | Reached skill level 21 in Fighting
127895 | Depths:4 | Reached XP level 24. HP: 124/124 MP: 41/46
128839 | Depths:5 | Entered Level 5 of the Depths
130492 | Depths:5 | Found a gate to the Realm of Zot.
131007 | Zot:1    | Entered Level 1 of the Realm of Zot
131016 | Zot:1    | Acquired 732 gold pieces
132288 | Zot:2    | Reached skill level 15 in Stealth
132705 | Zot:2    | Reached XP level 25. HP: 128/128 MP: 27/48
133694 | Zot:3    | Noticed a Killer Klown
133697 | Zot:3    | Killed a Killer Klown
133722 | Zot:3    | Noticed an ancient lich
133724 | Zot:3    | Killed an ancient lich
135110 | Zot:3    | Identified the +4 dragonskin cloak
135110 | Zot:3    | Noticed Tiamat
135466 | Zot:3    | Reached skill level 22 in Fighting
135484 | Zot:3    | Killed Tiamat
136076 | Zot:3    | Noticed an orb of fire
136077 | Zot:3    | Killed an orb of fire
136305 | Zot:4    | Identified the +10 quarterstaff of Ner Achui {drain,
                  | *Corrode rF++ rN++}
136433 | Zot:4    | Noticed a Killer Klown
136435 | Zot:4    | Killed a Killer Klown
136436 | Zot:4    | Reached XP level 26. HP: 135/135 MP: 46/49
137388 | Zot:4    | Reached skill level 23 in Fighting
138417 | Zot:4    | Noticed an ancient lich
138419 | Zot:4    | Killed an ancient lich
138569 | Zot:5    | Entered Level 5 of the Realm of Zot
139467 | Zot:5    | Noticed an orb of fire
139468 | Zot:5    | Noticed an ancient lich
139469 | Zot:5    | Killed an orb of fire
139469 | Zot:5    | Noticed an ancient lich
139477 | Zot:5    | Reached XP level 27. HP: 142/142 MP: 28/50
139495 | Zot:5    | Reached skill level 24 in Fighting
139522 | Zot:5    | Noticed an orb of fire
139523 | Zot:5    | Killed an orb of fire
139767 | Zot:5    | Killed an ancient lich
139793 | Zot:5    | Noticed an ancient lich
139794 | Zot:5    | Killed an ancient lich
140044 | Zot:5    | Noticed an ancient lich
140045 | Zot:5    | Killed an ancient lich
140071 | Zot:5    | Noticed an ancient lich
140072 | Zot:5    | Killed an ancient lich
140177 | Zot:5    | Noticed an ancient lich
140179 | Zot:5    | Killed an ancient lich
140224 | Zot:5    | Noticed an ancient lich
140225 | Zot:5    | Killed an ancient lich
140246 | Zot:5    | Noticed an ancient lich
140255 | Zot:5    | Killed an ancient lich
140430 | Zot:5    | Killed an ancient lich
141849 | Zot:5    | Noticed an orb of fire
141850 | Zot:5    | Killed an orb of fire
141851 | Zot:5    | Reached skill level 25 in Fighting
142419 | Zot:5    | Got the Orb of Zot
142497 | Zot:3    | Noticed Worhosoi the pandemonium lord
142498 | Zot:3    | Killed Worhosoi the pandemonium lord
143284 | D:$      | Escaped with the Orb!

Illustrated notes

Levels and vault maps discovered:
D:1:      noname_arrival_rooms_in_the_neighbourhood, layout_rooms,
          serial_curves, eino_curves_04, eino_curves_03, st_stairs_1,
          minmay_split_cup_small
D:2:      layout_loops_ring, okawaru_ov_weapons_minmay,
          chequers_ecumenical_altar_simple, chequers_serial_rivers_micro_b
D:3:      layout_basic, fedhas_altar_fruit_tree
D:4:      layout_basic, minmay_temple_entry_mist, grunt_ministairs_10,
          nicolae_ru_path_of_blood
D:5:      layout_gridville, nzn_hepliaklqana_mist_gate, vehumet_altar_wand_db
D:6:      black_bear_nest_1, layout_rooms, nicolae_overflow_hidden_temple,
          lemuel_crystal_altar, gammafunk_temple_overflow_statue,
          serial_corexii_hall, chequers_hall_statues_corner_a,
          corexii_hall_statues_i, serial_shops, shop
D:7:      minmay_polygon_palace, layout_gridville, serial_shops,
          kennysheep_mini, hangedman_decor_clover_reticule, uniq_joseph
D:8:      layout_rooms, lemuel_crystal_altar, enter_ossuary_4, uniq_erica,
          uniq_maurice
D:9:      layout_cave_pools, marbit_many_paths, orc_0_dummy
D:10:     lemuel_bear_cage, layout_cave_pools, serial_shops, shop
D:11:     layout_roguey, david_lair_generic, st_stairs_5, serial_bayou_ford_a,
          minivault_28
D:12:     layout_grid_maze
D:13:     layout_rooms, grunt_vaults_entry_fortified, serial_shops, shop,
          kennysheep_mini_moat, small_statue_intersection,
          minmay_misc_feat_plants, guppyfry_shop_blood
D:14:     layout_gridville, infiniplex_staircase_zigzag_3
D:15:     grunt_enter_depths_giant_problem, layout_gridville, enter_trove_5,
          uniq_nessos
Temple:   cyrus_circular_temple
Lair:1:   layout_loops_ring, nzn_ghost_randoct, portal_ice_cave_entry_pillars_1
Lair:2:   layout_long_grid, dummy_snake_entry
Lair:3:   layout_cave_shapes, swamp_mist_pool, gauntlet_entry_generic,
          uniq_sonja, uniq_urug
Lair:4:   layout_cave_shapes, basic_altar, nzn_sisyphean_effort,
          minmay_lair_oklob_chamber
Lair:5:   layout_cave_pods, minmay_slime_entry_jelly_boxes, serial_bayou_pond_e
Lair:6:   gammafunk_lair_ancient_temple, layout_cave_pods, grunt_megastairs_5
Swamp:1:  layout_basic_swamp, evilmike_swamp_ruin_house_2
Swamp:2:  nzn_winding_woodlands_medium [nzn_winding_woodlands_hourglass,
          nzn_winding_woodlands_5x15_crooked,
          nzn_winding_woodlands_5x5_checkerboard,
          nzn_winding_woodlands_5x5_closed_star,
          nzn_winding_woodlands_center_pierced_h,
          nzn_winding_woodlands_5x5_three, nzn_winding_woodlands_5x5_cross,
          nzn_winding_woodlands_5x15_eye, nzn_winding_woodlands_5x5_default],
          layout_basic_swamp, basic_altar, swamp_pool4,
          nicolae_swamp_oklob_treasure_island
Swamp:3:  layout_falls_marsh, evilmike_swamp_ruin_house_3
Swamp:4:  swamp, layout_basic_swamp, infiniplex_staircase_pool
Snake:1:  nicolae_snakescales, layout_misc_corridors, uniq_agnes
Snake:2:  nicolae_snake_hallway, layout_grid_shapes
Snake:3:  layout_cave_town
Snake:4:  johnstein_snake_rune_scales, layout_onion, minmay_shoptagon
Slime:1:  layout_caves
Slime:2:  layout_caves
Slime:3:  layout_caves
Slime:4:  layout_caves, dissolution_awaits
Slime:5
Orc:1:    layout_diamond_mine, ebering_ghost_disaster_area, enter_bailey_4,
          serial_shops, nicolae_shop_crystal, uniq_snorg, uniq_nergalle
Orc:2:    st_orc_ogre_mass, layout_caves, serial_shops, shop, mines2_david,
          uniq_jorgrun
Elf:1:    eino_elf_arrival_sip, layout_gridlike, kennysheep_underground_church
Elf:2:    layout_gridlike, serial_shops, nicolae_shop_statue_plus,
          nicolae_shop_stone, shop
Elf:3:    grunt_elf_hall_diamonds, layout_geoelf_castle, serial_shops, shop,
          shop_statue, uniq_nikola
Vaults:1: ebering_vaults_ghost_disaster_area, vaults_room_corners,
          nicolae_vaults_yaktaur_gun_rack, hangedman_vaults_snaps,
          ontoclasm_vaults_ring_small, st_hourglassy, vaults_dpeg_doors,
          ontoclasm_vaults_hangar, hangedman_vaults_unwind,
          ontoclasm_vaults_claustrophobia, nicolae_vaults_network_s,
          nicolae_vaults_little_squares_4, v_misc_17, v_misc_22,
          vaults_room_large_hall, ontoclasm_vaults_pinch,
          layout_vaults_maze_bifur
Vaults:2: ontoclasm_vaults_ring_square, v_misc_14, ontoclasm_vaults_spin,
          layout_vaults_omnigrid, serial_shops, shop, uniq_asterion, uniq_donald
Vaults:3: v_alt_pattern_4, minmay_crypt_entry_vampire_xt, v_misc_28, v_misc_25,
          v_alt_pattern_5, v_misc_8, nicolae_vaults_quadrants,
          hangedman_vaults_nodes, hangedman_vaults_pinch, v_misc_32,
          vaults_room_corners, layout_vaults_big_room
Vaults:4: vaults_mumra_hex, v_pattern_4, v_misc_11, nicolae_vaults_alarming,
          grunt_vaults_swirl, v_misc_31, ontoclasm_vaults_hangar,
          ontoclasm_vaults_ligature, ontoclasm_vaults_shuriken,
          nicolae_vaults_circle_grid_b, vaults_room_stairs_pillars,
          layout_vaults_ring, serial_shops, nicolae_shop_waterfront,
          nicolae_shop_stone, nicolae_shop_trees, shop_fountains, shop,
          uniq_mara, uniq_saint_roka
Depths:1: layout_cave_pools, tso_altar, grunt_metal_band, abyss_entry,
          serial_bayou_lagoon_b
Depths:2: kennysheep_room_grid, layout_cave_shapes, moated_statue, serial_shops,
          nicolae_shop_trees, hell_entry, grunt_megastairs_4,
          infiniplex_staircase_pillars_1
Depths:3: hangedman_pleasuredromes, abyss_entry, pan_entry, hell_entry
Depths:4: hangedman_stitches_corridor, layout_gridlike, enter_ziggurat_b,
          minmay_misc_feat_four_crosses, hell_entry,
          nicolae_abyss_entry_one_way_or_another, nemelex_diamond_rough_becter
Depths:5: grunt_zot_entry_pinwheel, layout_basic, minmay_curled_crystal,
          hellmouth_1, abyss_entry_glasseish, hangedman_decor_slide_cut,
          corexii_hall_statues_i
Zot:1:    layout_concentric_octagons, grunt_ministairs_5, skrybe_zot_glass_1
Zot:2:    layout_cathedral_of_symmetry
Zot:3:    nicolae_moth_party, layout_basic, st_stairs_4,
          hangedman_player_shredder, uniq_tiamat
Zot:4:    layout_gridlike, nzn_random_ring
Zot:5:    layout_gridlike

Skill      XL: |  1  2  3  4  5  6  7  8  9 10 11 12 13 14 15 16 17 18 19 20 21 22 23 24 25 26 27 |
---------------+----------------------------------------------------------------------------------+-----
Stealth        | 7 8 9 10 17 19 | 19.0
Fighting       | 4 5 6 8 10 11 12 14 15 16 17 19 20 21 22 23 25 | 25.4
Evocations     | 1 2 3 5 4 |  5.0
Spellcasting   | 1 2 3 4 7 8 10 12 15 14 16 17 18 20 21 22 24 | 24.1
Hexes          | 1 4 5 6 8 |  8.0
Ice Magic      | 2 4 7 10 11 12 13 14 18 17 19 20 21 22 23 | 23.0
Conjurations   | 2 3 7 10 12 | 12.0
Dodging        | 4 13 15 16 18 | 18.0
Unarmed Combat | 3 4 |  4.0
Air Magic      | 1 5 7 |  7.0
Transmutations | 4 5 6 8 |  8.0
Earth Magic    | 2 5 |  5.0

Action                   |  1- 3 |  4- 6 |  7- 9 | 10-12 | 13-15 | 16-18 | 19-21 | 22-24 | 25-27 || total
-------------------------+-------+-------+-------+-------+-------+-------+-------+-------+-------++-------
Melee: Unarmed           |   110 |   278 |   379 |   100 |    35 |    10 |     5 |       |    27 ||   944
       Bite              |     8 |    20 |    52 |     9 |    10 |       |       |       |     9 ||   108
       Punch             |       |     5 |    12 |     2 |     2 |       |       |       |     3 ||    24
 Cast: Confusing Touch   |       |    28 |    66 |    21 |     7 |       |       |       |       ||   122
       Magic Dart        |       |       |   272 |   390 |    16 |       |       |       |       ||   678
       Hailstorm         |       |       |    14 |   331 |    88 |       |       |       |       ||   433
       Freeze            |       |       |    13 |   165 |    80 |       |       |       |       ||   258
       Metabolic Englaci |       |       |       |    20 |    29 |     6 |     5 |       |       ||    60
       Freezing Cloud    |       |       |       |     1 |   343 |       |       |       |       ||   344
       Lightning Bolt    |       |       |       |       |    69 |     7 |       |       |       ||    76
       Irradiate         |       |       |       |       |    14 |    21 |       |       |       ||    35
       Ozocubu's Refrige |       |       |       |       |    80 |   581 |   124 |    52 |     8 ||   845
       Absolute Zero     |       |       |       |       |       |   161 |   310 |   349 |   244 ||  1064
       Statue Form       |       |       |       |       |       |       |       |     1 |     1 ||     2
 Abil: Evoke Flight      |       |       |       |     4 |       |       |       |       |       ||     4
Evoke: Wand              |     6 |    13 |    23 |    36 |    30 |    19 |    11 |     2 |       ||   140
       Phial of floods   |       |       |       |       |     1 |     1 |     1 |       |       ||     3
  Use: Scroll            |    10 |     7 |     9 |    16 |     8 |     9 |     3 |     9 |     3 ||    74
       Potion            |     1 |     5 |     5 |     9 |     1 |     2 |     2 |       |     2 ||    27
 Stab: Sleeping          |     9 |    15 |    25 |    21 |     4 |     8 |     1 |       |       ||    83
       Distracted        |     1 |     2 |       |       |       |       |       |       |       ||     3
       Paralysed         |     1 |       |       |     8 |    10 |       |       |       |       ||    19
       Confused          |       |    11 |    44 |     7 |     2 |       |       |       |       ||    64
Armor: Skin              |     3 |    12 |    15 |    48 |    16 |     2 |     2 |       |     1 ||    99
Dodge: Dodged            |    86 |   214 |   278 |   256 |   159 |   114 |    89 |    73 |    41 ||  1310
